 Dungeon Crawl Stone Soup version 0.24-a0-520-g8fd06ad0bc (webtiles) character file.

Game seed: 4822230994842127911

43866 coffeecup the Warrior (level 13, -1/129 HPs)
             Began as a Minotaur Gladiator on July 26, 2019.
             Was a High Priest of Ru.
             Slain by an ice beast (6 damage)
             ... summoned by a deep elf mage
             ... on level 1 of the Orcish Mines on July 27, 2019.
             The game lasted 02:12:34 (22792 turns).

coffeecup the Warrior (Minotaur Gladiator)         Turns: 22792, Time: 02:12:35

Health: -1/129     AC: 11    Str: 22    XL:     13   Next: 93%
Magic:  13/13      EV: 20    Int:  5    God:    Ru [*****.]
Gold:   660        SH:  5    Dex: 19    Spells: 16/16 levels left

rFire    . . .     SeeInvis +   a - +9 quarterstaff (chaos)
rCold    + . .     Gourm    .   (shield currently unavailable)
rNeg     . . .     Faith    .   J - +2 chain mail
rPois    .         Spirit   .   c - +2 hat
rElec    .         Reflect  +   s - +2 cloak {MR+}
rCorr    .         Harm     .   L - +0 pair of gloves
MR       +....                  (no boots)
Stlth    +.........             F - +5 amulet of reflection
HPRegen  0.31/turn              P - ring of see invisible
MPRegen  0.13/turn              y - ring of protection from cold

@: agile, lightly drained
A: retaliatory headbutt, horns 2, low mp 1, inability to train armour, reduced
AC 1, inexperienced 1
a: Sacrifice Health, Sacrifice an Eye, Sacrifice Purity, Reject Sacrifices, Draw
Out Power, Power Leap, Apocalypse, Renounce Religion


You were on level 1 of the Orcish Mines.
You worshipped Ru.
Ru was extremely pleased with you.
You were not hungry.

You visited 4 branches of the dungeon, and saw 18 of its levels.

You collected 905 gold pieces.
You spent 245 gold pieces at shops.

Inventory:

Hand Weapons
 a - a +9 quarterstaff of chaos (weapon)
 b - a +0 shortbow
Missiles
 n - 346 stones (quivered)
 q - 262 arrows
 x - 3 throwing nets
Armour
 c - a +2 hat (worn)
 s - a +2 cloak of magic resistance (worn)
 J - a +2 chain mail (worn)
 L - a +0 pair of gloves (worn)
Magical Staves
 G - an uncursed staff of air
Jewellery
 y - a ring of protection from cold (right hand)
 F - a +5 amulet of reflection (around neck)
 P - a ring of see invisible (left hand)
Wands
 d - a wand of random effects (24)
 p - a wand of acid (9)
 r - a wand of iceblast (4)
 u - a wand of disintegration (26)
 v - a wand of polymorph (7)
 I - a wand of flame (11)
 S - a wand of paralysis (5)
 U - a wand of scattershot (6)
Scrolls
 e - 5 scrolls of magic mapping
 g - a scroll of amnesia
 h - 13 scrolls of remove curse
 j - a scroll of enchant armour
 k - 4 scrolls of teleportation
 w - a scroll of enchant weapon
 K - a scroll of identify
 M - a scroll of fear
 R - a scroll of holy word
Potions
 i - 5 potions of curing
 o - 2 potions of ambrosia
 t - 3 potions of lignification
 C - a potion of magic
 N - 3 potions of mutation
Comestibles
 f - 22 rations


   Skills:
 + Level 16.3(15.8) Fighting
 + Level 16.1(15.6) Staves
 * Level 10.1(9.7) Throwing
 - Level 11.3(10.9) Dodging
 - Level 4.7(4.4) Stealth
 + Level 2.2(1.9) Spellcasting


You had 16 spell levels left.
You didn't know any spells.
Your spell library contained the following spells:

 Spells                   Type           Power        Failure   Level  Hunger
 Magic Dart               Conj           #...         99%         1    ##.....
 Blink                    Tloc           N/A          100%        2    ###....
 Call Imp                 Summ           #.......     100%        2    ###....
 Slow                     Hex            #.......     100%        2    ###....
 Conjure Flame            Conj/Fire      #.......     100%        3    ####...
 Mephitic Cloud           Conj/Pois/Air  #.......     100%        3    ####...
 Airstrike                Air            #.........   100%        4    #####..
 Cause Fear               Hex            #.........   100%        4    #####..
 Lightning Bolt           Conj/Air       #.........   100%        5    ######.
 Silence                  Hex/Air        #.........   100%        5    ######.
 Summon Mana Viper        Hex/Summ       #.......     100%        5    ######.
 Tornado                  Air            #.........   100%        9    #######


Dungeon Overview and Level Annotations

Branches:
Dungeon (10/15)            Temple (1/1) D:7            Lair (6/6) D:8
  Swamp (0/4) Lair:4        Snake (0/4) Lair:4        Slime (0/5) Lair:5
    Orc (1/2) D:10

Altars:
Ashenzari
Cheibriados
Dithmenos
Elyvilon
Fedhas
Gozag
Hepliaklqana
Kikubaaqudgha
Makhleb
Nemelex Xobeh
Okawaru
Qazlal
Ru
Sif Muna
Trog
Uskayaw
Vehumet
Wu Jian
Xom
Yredelemnul
Zin
The Shining One
Jiyva

Shops:
D:4 =   D:8 ?   Orc:1 :

Annotations:
D:10 orc mines


Innate Abilities, Weirdness & Mutations

You reflexively headbutt those who attack you in melee.
You have a pair of horns on your head.
Your magical capacity is low. (-10% MP)
You cannot train Armour skill.
You take slightly more damage. (AC -5)
You are somewhat inexperienced. (-2 XL)


Message History

The orc wizard blinks!
The deep elf mage shouts!
You hear a shout!
The orc wizard closely misses you. You furiously retaliate!
You headbutt the orc wizard. The orc wizard casts a spell at you.
The magic dart hits you but does no damage.
The orc wizard is stunned by your will and fails to attack.
You redirect the deep elf mage's attack!
The orc wizard gestures at you while chanting.
The puff of flame hits you.
* * * LOW HITPOINT WARNING * * *
You focus your will and blind the orc wizard in retribution!
The orc priest invokes the aid of Beogh against you.
Beogh smites you!
* * * LOW HITPOINT WARNING * * *
You focus your will and blind the orc priest in retribution!
The ice beast hits you.
* * * LOW HITPOINT WARNING * * *
The ice beast freezes you. You resist.
You die...

###..#.... .
##.#..∩.o...........O #
#..$#.#.###......ooe....#. #
##.#...#.##...............
##.#..........o...........
###....)...........$....o...
#....##....e.OoeY...............
.......$...§o#.Yo##.#.o.........
............o.oh@.#.....#.......
............o...o..><.........#
$........##..........#.##.....#
$#...................###.o...#
###.............$#......#..#
#......>..............§##
.......$..............#[##
....$.........$.......#)..#
##......#.............##.O##


You could see an orc knight, a two-headed ogre, 3 deep elf magi, a warg, 4 orc
warriors, 2 ice beasts, an ogre, an orc priest (blind), 2 orc wizards and 2
orcs.

Vanquished Creatures
  Gastronok (Lair:1)
  2 entropy weavers (Lair:6)
  A fire dragon (Lair:6)
  8 hydras
  A queen ant (Lair:6)
  An alligator (shapeshifter) (Lair:4)
  A fire crab (shapeshifter) (Lair:1)
  A fire crab (Lair:6)
  Pikel (D:4)
  The ghost of floatboth the Destroyer, a novice TeAE of Vehumet (D:8)
  A deep elf mage (Orc:1)
  A moth of wrath (D:8)
  6 black mambas
  6 elephants (Lair:3)
  2 molten gargoyles (Lair:6)
  14 spiny frogs
  A rime drake (Lair:5)
  10 komodo dragons
  A polar bear (Lair:3)
  2 trolls
  2 hornets
  Grinder (D:3)
  7 blink frogs
  8 hippogriffs
  17 dream sheep
  5 basilisks
  4 wyverns
  37 yaks
  2 hungry ghosts (D:8)
  A steam dragon (Lair:6)
  5 soldier ants (Lair:6)
  3 hell hounds (Lair:6)
  10 porcupines
  16 water moccasins
  A slave (D:4)
  A necrophage (D:8)
  An ice beast (D:8)
  6 orc warriors
  2 sky beasts (D:7)
  2 black bears
  A phantom (D:8)
  6 wolves (Lair:5)
  3 centaurs
  10 crocodiles
  5 ogres
  4 big kobolds
  13 bullfrogs
  A gnoll sergeant (D:8)
  A water moccasin zombie (D:5)
  5 scorpions
  10 killer bees
  A howler monkey (D:9)
  9 crimson imps
  5 lava snakes (Lair:6)
  8 hounds
  Crazy Yiuf (D:2)
  A centaur skeleton (D:4)
  9 orc priests
  3 jellies
  13 orc wizards
  A bullfrog skeleton (D:5)
  5 hell rats (Lair:6)
  Ijyb (D:4)
  Natasha (D:4)
  14 worker ants
  Robin (D:3)
  A worker ant zombie (D:8)
  12 adders
  7 gnolls
  A howler monkey skeleton (D:7)
  3 shadow imps
  2 adder skeletons
  5 worms
  2 dart slugs (D:1)
  4 leopard geckos
  40 orcs
  6 giant cockroaches
  14 goblins
  10 hobgoblins
  13 jackals
  7 kobolds
  6 quokkas
  A ball python (D:3)
  6 bats
  2 frilled lizards
  4 rats
  A spectral orc (D:9)
  6 fungi
  4 plants
482 creatures vanquished.

Vanquished Creatures (others)
  3 hydras
  A basilisk (Lair:4)
  A slave (D:4)
  A bullfrog (D:4)
  Natasha (twice) (D:4)
  A shadow imp (D:4)
  An orc (Orc:1)
  A ball python (D:4)
  A bush (Lair:1)
  20 fungi
  14 plants
46 creatures vanquished.

Grand Total: 528 creatures vanquished

Notes
Turn   | Place    | Note
-------+----------+-------------------------------------------
     0 | D:1      | coffeecup the Minotaur Gladiator began the quest for the
                  | Orb.
     0 | D:1      | Reached XP level 1. HP: 18/18 MP: 0/0
   394 | D:1      | Reached XP level 2. HP: 23/25 MP: 1/1
   819 | D:2      | Reached XP level 3. HP: 30/31 MP: 2/2
  1372 | D:2      | Found a runed translucent door.
  1373 | D:2      | Noticed Crazy Yiuf
  1381 | D:2      | Killed Crazy Yiuf
  1381 | D:2      | Reached XP level 4. HP: 24/38 MP: 3/3
  1651 | D:3      | Reached skill level 5 in Staves
  1758 | D:3      | Noticed Grinder
  1774 | D:3      | Killed Grinder
  1774 | D:3      | Reached XP level 5. HP: 38/47 MP: 4/4
  1774 | D:3      | Reached XP level 6. HP: 43/53 MP: 5/5
  2313 | D:3      | Noticed Robin
  2320 | D:3      | Killed Robin
  2335 | D:3      | Reached skill level 5 in Dodging
  2459 | D:3      | Reached skill level 5 in Fighting
  2541 | D:3      | Reached XP level 7. HP: 61/61 MP: 6/6
  2770 | D:4      | Noticed Pikel
  2801 | D:4      | Killed Pikel
  2801 | D:4      | Reached XP level 8. HP: 18/70 MP: 7/7
  3072 | D:4      | Killed Natasha
  3427 | D:4      | Noticed Natasha
  3433 | D:4      | Killed Natasha
  3479 | D:4      | Found Yrit's Jewellery Shoppe.
  3568 | D:4      | Killed Natasha
  3574 | D:4      | Noticed Ijyb
  3579 | D:4      | Killed Ijyb
  3790 | D:5      | Entered Level 5 of the Dungeon
  3805 | D:5      | Found a sacrificial altar of Ru.
  3819 | D:5      | Became a worshipper of Ru the Awakened
  4193 | D:5      | Reached skill level 10 in Staves
  4542 | D:6      | Found a glowing silver altar of Zin.
  4556 | D:6      | Gained mutation: You take slightly more damage. (AC -5) [Ru
                  | sacrifice]
  4556 | D:6      | Reached * piety under Ru
  4819 | D:7      | Reached XP level 9. HP: 79/79 MP: 8/8
  4864 | D:7      | Identified the Reference Book on Enchantment and Feathers
  5144 | D:7      | Found a staircase to the Ecumenical Temple.
  5238 | Temple   | Entered the Ecumenical Temple
  5458 | D:8      | Found a staircase to the Lair.
  5607 | D:8      | Found Cehudi's Magic Scroll Boutique.
  5621 | D:8      | Bought a scroll of enchant armour for 105 gold pieces
  5621 | D:8      | Bought a scroll of remove curse for 42 gold pieces
  5621 | D:8      | Bought a scroll of identify for 28 gold pieces
  5621 | D:8      | Bought a scroll of teleportation for 42 gold pieces
  5621 | D:8      | Bought a scroll of identify for 28 gold pieces
  5817 | D:8      | Found a sand-covered staircase.
  6115 | D:8      | Found a transporter.
  6129 | D:8      | Noticed a moth of wrath
  6164 | D:8      | Paralysed by a hornet for 1 turns
  6199 | D:8      | Reached XP level 10. HP: 69/91 MP: 9/9
  6241 | D:8      | Noticed a two-headed hydra
  6534 | D:8      | Noticed floatboth's ghost (novice TeAE)
  6546 | D:8      | Found a transporter.
  6549 | D:8      | Gained mutation: Your magical capacity is low. (-10% MP)
                  | [Ru sacrifice]
  6600 | D:8      | Killed a two-headed hydra
  6919 | D:9      | Reached skill level 10 in Fighting
  7084 | D:9      | Found a hazy altar of Hepliaklqana.
  7097 | D:9      | Found an iron altar of Okawaru.
  7114 | D:9      | Found an ancient bone altar of Kikubaaqudgha.
  7129 | D:9      | Found a white marble altar of Elyvilon.
  7765 | D:9      | Found a shadowy altar of Dithmenos.
  7998 | D:9      | Found a basalt altar of Yredelemnul.
  8136 | D:10     | Entered Level 10 of the Dungeon
  8557 | D:10     | Found a shadowy altar of Dithmenos.
  8573 | D:10     | Found a staircase to the Orcish Mines.
  8677 | D:10     | Reached XP level 11. HP: 96/104 MP: 8/8
  8995 | D:10     | Noticed an eight-headed hydra
  9199 | Lair:1   | Entered Level 1 of the Lair of Beasts
  9438 | Lair:1   | Gained mutation: You are somewhat inexperienced. (-2 XL)
                  | [Ru sacrifice]
  9438 | Lair:1   | Reached XP level 10. HP: 101/101 MP: 8/8
  9438 | Lair:1   | Reached XP level 9. HP: 93/93 MP: 7/7
  9438 | Lair:1   | Reached ** piety under Ru
  9438 | Lair:1   | Reached *** piety under Ru
  9543 | Lair:1   | Found a snail-covered altar of Cheibriados.
  9570 | Lair:1   | Noticed a five-headed hydra
 10061 | Lair:1   | Noticed a spiny frog
 10082 | Lair:1   | Killed a spiny frog
 10082 | Lair:1   | Reached XP level 10. HP: 71/103 MP: 8/8
 10115 | Lair:1   | Killed a five-headed hydra
 10425 | Lair:1   | Noticed a fire crab
 10425 | Lair:1   | a shapeshifter changed into a fire crab
 10433 | Lair:1   | Killed a fire crab
 10885 | Lair:1   | Noticed Gastronok
 10901 | Lair:1   | Killed Gastronok
 10901 | Lair:1   | Reached XP level 11. HP: 90/111 MP: 8/8
 12077 | Lair:3   | Reached skill level 10 in Dodging
 12218 | Lair:3   | Noticed a four-headed hydra
 12703 | Lair:3   | Noticed a four-headed hydra
 12707 | Lair:3   | Killed a four-headed hydra
 12707 | Lair:3   | Reached skill level 5 in Throwing
 13407 | Lair:3   | Reached skill level 15 in Staves
 13551 | Lair:3   | Reached XP level 12. HP: 69/118 MP: 9/9
 13785 | Lair:3   | Reached skill level 15 in Fighting
 13785 | Lair:3   | Reached skill level 1 in Stealth
 13890 | Lair:3   | Killed a four-headed hydra
 14357 | Lair:3   | Gained mutation: You cannot train Armour skill. [Ru
                  | sacrifice]
 14357 | Lair:3   | Reached **** piety under Ru
 14357 | Lair:3   | Reached ***** piety under Ru
 14521 | Lair:4   | Found a staircase to the Swamp.
 14635 | Lair:4   | Found a staircase to the Snake Pit.
 14645 | Lair:4   | Noticed an alligator
 14645 | Lair:4   | a dream sheep changed into an alligator
 14649 | Lair:4   | Killed an alligator
 15341 | D:8      | Killed floatboth's ghost
 15703 | Lair:5   | Noticed a seven-headed hydra
 15705 | Lair:5   | Noticed a seven-headed hydra
 15734 | Lair:4   | Killed a seven-headed hydra
 15794 | Lair:5   | Noticed a seven-headed hydra
 15807 | Lair:5   | Killed a seven-headed hydra
 15945 | Lair:5   | Killed a seven-headed hydra
 16379 | Lair:5   | Found a deep blue altar of Sif Muna.
 16410 | Lair:5   | Noticed a six-headed hydra
 16420 | Lair:5   | Killed a six-headed hydra
 16495 | Lair:5   | Reached XP level 13. HP: 121/127 MP: 10/10
 17152 | Lair:5   | Found a viscous altar of Jiyva.
 17152 | Lair:5   | Found a staircase to the Slime Pits.
 17471 | Lair:6   | Entered Level 6 of the Lair of Beasts
 17886 | Lair:6   | Identified the Handbook of Air
 18680 | Lair:6   | Found a large runed translucent door.
 18680 | Lair:6   | Noticed a fire dragon
 18681 | Lair:6   | Found a large runed translucent door.
 18760 | Lair:6   | Reached skill level 1 in Spellcasting
 19271 | Lair:6   | Noticed an entropy weaver
 19271 | Lair:6   | Noticed an entropy weaver
 19823 | Lair:6   | Killed an entropy weaver
 20585 | Lair:6   | HP: 6/128 [entropy weaver (12)]
 21104 | Lair:6   | Killed an entropy weaver
 21683 | Lair:6   | Killed a fire dragon
 21683 | Lair:6   | Reached skill level 10 in Throwing
 22692 | Orc:1    | Entered Level 1 of the Orcish Mines
 22761 | Orc:1    | Found Luirch's Book Shop.
 22792 | Orc:1    | HP: 5/129 [ice beast[a deep elf mage] (3)]
 22792 | Orc:1    | Slain by an ice beast

Levels and vault maps discovered:
D:1:      dpeg_arrival_lava_altar, layout_rooms, chequers_mini_garden,
          dk_noncrumbling_3
D:2:      layout_loops_ring, kennysheep_potato, uniq_crazy_yiuf_cottage
D:3:      layout_basic, uniq_grinder, uniq_robin
D:4:      layout_loops_cross, first_ration, serial_shops, shop,
          grunt_ministairs_3, kennysheep_decorative_pillar,
          minmay_misc_feat_chi, uniq_ijyb, uniq_pikel, uniq_natasha
D:5:      layout_cave_pools, nicolae_ru_awakened_eye
D:6:      layout_rooms, nicolae_overflow_crystal_walls, amethyst_killhole
D:7:      layout_rooms, minmay_temple_entry_junction
D:8:      layout_basic, dpeg_oklobed_lair, gammafunk_ghost_berserking_beasts,
          lightli_ossuary_entry_decrepit_ruins, hangedman_ranch
          [blue_anna_fruit_fields], kennysheep_diamond
D:9:      layout_cave_pools, yredelemnul_forgotten_temple_becter,
          grunt_temple_overflow_cloverleaf, grunt_dithmenos_shadows
D:10:     layout_basic, orc_0_dummy, basic_altar
Temple:   regret_index_temple_waves
Lair:1:   layout_regular_city, basic_altar, nicolae_volcano_entry_two_sided,
          minivault_11, grunt_megastairs_1, uniq_gastronok
Lair:2:   layout_loops_ring
Lair:3:   layout_loops_ring, grunt_megastairs_5
Lair:4:   layout_misc_corridors, swamp_mist_pool, guppyfry_snake_entry_garden,
          lemuel_fruit_tree
Lair:5:   layout_roguey, dpeg_slime_entry_enclosed_altar, basic_altar,
          hangedman_lair_generics_rect
Lair:6:   cheibrodos_lair_end_hotspot, layout_regular_city, st_stairs_6,
          wad_woods_antlair
Orc:1:    layout_caves, basic_altar, serial_shops, shop, elves_outpost_lemuel

Skill      XL: |  1  2  3  4  5  6  7  8  9 10 11 12 13 |
---------------+----------------------------------------+-----
Fighting       | 3 4 5 6 7 14 12 13 15 16 | 16.3
Staves         | 4 6 7 8 10 12 14 15 16 | 16.1
Dodging        | 4 5 6 7 8 9 11 | 11.3
Throwing       | 4 5 7 10 | 10.1
Stealth        | 4 |  4.7
Spellcasting   | 2 |  2.2

Action                   |  1- 3 |  4- 6 |  7- 9 | 10-12 | 13-15 || total
-------------------------+-------+-------+-------+-------+-------++-------
Melee: Quarterstaff      |    47 |    98 |   230 |   588 |   303 ||  1266
       Headbutt          |     8 |    12 |    35 |   129 |    68 ||   252
 Fire: Shortbow          |       |       |     3 |       |       ||     3
Throw: Stone             |       |       |    37 |   124 |   129 ||   290
       Throwing net      |       |       |     5 |       |       ||     5
Invok: Sacrifice Health  |       |       |     1 |       |       ||     1
       Sacrifice Experie |       |       |     1 |       |       ||     1
       Draw Out Power    |       |       |       |     2 |     1 ||     3
       Sacrifice Essence |       |       |       |     1 |       ||     1
       Apocalypse        |       |       |       |     1 |       ||     1
       Sacrifice Durabil |       |       |       |     1 |       ||     1
Evoke: Wand              |       |       |    11 |     4 |     9 ||    24
  Use: Scroll            |     2 |     9 |    22 |     7 |    15 ||    55
       Potion            |       |       |     2 |     9 |     9 ||    20
 Stab: Paralysed         |       |       |     2 |     7 |     1 ||    10
       Confused          |       |       |     1 |     1 |     1 ||     3
       Petrifying        |       |       |       |     4 |     1 ||     5
       Petrified         |       |       |       |     2 |       ||     2
       Invisible         |       |       |       |     1 |     2 ||     3
       Distracted        |       |       |       |       |     2 ||     2
  Eat: Ration            |     1 |       |     2 |     8 |     5 ||    16
       Chunk             |       |     2 |     6 |     4 |     3 ||    15
Armor: Leather armour    |     7 |    19 |    21 |       |       ||    47
       Scale mail        |       |       |    13 |       |       ||    13
       Chain mail        |       |       |     5 |   104 |    49 ||   158
Dodge: Dodged            |    27 |    67 |   117 |   181 |   114 ||   506
Block: Other             |       |       |    15 |    68 |    44 ||   127
       Reflection        |       |       |       |     2 |     1 ||     3

Table legend:
 A = Non-vault XP
 B = Vault XP
 C = Vault XP percentage of total XP
 D = Non-vault monster count
 E = Vault monster count
 F = Vault count percentage of total count
                 A         B        C        D         E       F
            +---------+---------+-------+---------+---------+-------
      Total |   45869 |   26803 |  36.9 |     375 |     100 |  21.1
            +---------+---------+-------+---------+---------+-------
        D:1 |      16 |       0 |   0.0 |       8 |       0 |   0.0
        D:2 |      69 |      56 |  44.8 |      17 |       3 |  15.0
        D:3 |     291 |     318 |  52.2 |      43 |      13 |  23.2
        D:4 |     354 |     739 |  67.6 |       7 |       4 |  36.4
        D:5 |     701 |       0 |   0.0 |      23 |       0 |   0.0
        D:6 |     222 |       0 |   0.0 |       6 |       0 |   0.0
        D:7 |     480 |       0 |   0.0 |       6 |       0 |   0.0
        D:8 |    1637 |    3872 |  70.3 |      29 |      18 |  38.3
        D:9 |    3297 |      12 |   0.4 |      42 |       2 |   4.5
       D:10 |    3263 |       0 |   0.0 |      41 |       0 |   0.0
     Lair:1 |    5498 |    3742 |  40.5 |      25 |       8 |  24.2
     Lair:2 |    1855 |       0 |   0.0 |       9 |       0 |   0.0
     Lair:3 |   10056 |     952 |   8.6 |      29 |       3 |   9.4
     Lair:4 |    4189 |    1867 |  30.8 |      22 |       2 |   8.3
     Lair:5 |    7273 |    2126 |  22.6 |      26 |       8 |  23.5
     Lair:6 |    5986 |   12482 |  67.6 |      25 |      38 |  60.3
      Orc:1 |     682 |     637 |  48.3 |      17 |       1 |   5.6
            +---------+---------+-------+---------+---------+-------
